 Dungeon Crawl Stone Soup version 0.23-a0-419-g0174fd80c1 (webtiles) character file.

270 Trappist the Chopper (level 6, 0/53 HPs)
             Began as a Minotaur Fighter on Nov 13, 2018.
             Slain by a howler monkey (4 damage)
             ... on level 5 of the Dungeon.
             The game lasted 00:04:52 (2605 turns).

Trappist the Chopper (Minotaur Fighter)             Turns: 2605, Time: 00:04:52

Health: 0/53       AC:  8    Str: 23    XL:     6   Next: 1%
Magic:  5/5        EV:  8    Int:  5    God:
Gold:   239        SH:  0    Dex:  9    Spells: 5/5 levels left

rFire    . . .     SeeInvis .   a - +3 war axe
rCold    . . .     Gourm    .   c - +1 shield
rNeg     . . .     Faith    .   b - +0 scale mail
rPois    .         Spirit   .   (helmet restricted)
rElec    .         Reflect  .   (no cloak)
rCorr    .         Harm     .   l - +0 pair of gloves
MR       .....                  (no boots)
Stlth    ..........             (no amulet)
HPRegen  0.17/turn              (no ring)
MPRegen  0.09/turn              (no ring)

@: confused
A: retaliatory headbutt, horns 2
a: no special abilities


You were on level 5 of the Dungeon.
You were very hungry.

You visited 1 branch of the dungeon, and saw 5 of its levels.

You collected 239 gold pieces.

Inventory:

Hand Weapons
 a - a +3 war axe (weapon)
Armour
 b - a +0 scale mail (worn)
 c - a +1 shield (worn)
 i - the +4 scale mail "Ripoowke" {rElec rN+ MR+ Str-4}
   (You found it on level 5 of the Dungeon)

   It affects your strength (-4).
   It insulates you from electricity.
   It protects you from negative energy.
   It affects your resistance to hostile enchantments.
 l - a +0 pair of gloves (worn)
Scrolls
 e - 2 scrolls of magic mapping
 n - 2 scrolls of teleportation
 o - 2 scrolls of fear
Potions
 d - 2 potions of might
 h - 2 potions of flight {unknown}
 j - 3 potions of agility
 k - a potion of resistance {unknown}
 p - a potion of haste {unknown}
 r - a potion of heal wounds {unknown}
 t - a potion of berserk rage {unknown}
Comestibles
 f - 10 rations


   Skills:
 + Level 4.5 Fighting
 * Level 5.0 Axes
 + Level 4.6 Armour
 + Level 2.2 Dodging
 + Level 4.6 Shields


You had 5 spell levels left.
You didn't know any spells.
Your spell library was empty.

Dungeon Overview and Level Annotations

Branches:
Dungeon (5/15)
 Temple: D:4-7

Altars:


Innate Abilities, Weirdness & Mutations

You reflexively headbutt those who attack you in melee.
You have a pair of horns on your head.


Message History

You block the howler monkey's attack.
A sky beast appears from thin air!
Reactivating autopickup.
The sky beast hits you.
* * * LOW HITPOINT WARNING * * *
The sky beast shocks you.
* * * LOW HITPOINT WARNING * * *
You feel better. You block the howler monkey's attack.
The sky beast flickers out of sight!
Deactivating autopickup; reactivate with Ctrl-A.
Something hits you but does no damage.
Unknown command.
You are confused.
You feel invigorated. The howler monkey hits you.
* * * LOW HITPOINT WARNING * * *
Something hits you.
* * * LOW HITPOINT WARNING * * *
Something shocks you.
* * * LOW HITPOINT WARNING * * *
The howler monkey hits you.
You die...

#.......#..#
#......>##.##
#######.##..#
#.....##
####...#
#.#.# #.#.##
#....# ###≈@#
#.{h......
#.#l....##
#.#..#....
..#..# .##
####... ..
..#. . ..$..


You could see a howler monkey and a leopard gecko.

Vanquished Creatures
  An ice beast (D:5)
  A hound (D:4)
  2 iguanas (D:4)
  A gnoll (D:1)
  2 adders (D:4)
  A worm (D:2)
  3 dart slugs
  4 orcs (D:4)
  A ball python (D:1)
  5 giant cockroaches
  8 goblins
  3 hobgoblins (D:1)
  A quokka (D:4)
  3 bats (D:1)
  6 frilled lizards
  A jackal skeleton (D:3)
  8 kobolds
  12 rats
  A fungus (D:3)
64 creatures vanquished.

Vanquished Creatures (others)
  3 toadstools (D:3)
3 creatures vanquished.

Grand Total: 67 creatures vanquished

Notes
Turn   | Place    | Note
-------+----------+-------------------------------------------
     0 | D:1      | Trappist the Minotaur Fighter began the quest for the Orb.
     0 | D:1      | Reached XP level 1. HP: 19/19 MP: 0/0
   124 | D:1      | Reached XP level 2. HP: 25/27 MP: 1/1
   195 | D:1      | Reached skill level 3 in Axes
   195 | D:1      | Reached skill level 1 in Dodging
   213 | D:1      | Reached XP level 3. HP: 23/33 MP: 2/2
   588 | D:2      | Found a faded altar of an unknown god.
  1828 | D:4      | Reached XP level 4. HP: 40/40 MP: 3/3
  1853 | D:4      | Reached skill level 4 in Axes
  2038 | D:4      | Reached XP level 5. HP: 36/46 MP: 4/4
  2526 | D:5      | Entered Level 5 of the Dungeon
  2545 | D:5      | Got a scorched scale mail
  2569 | D:5      | Identified the +4 scale mail "Ripoowke" {rElec rN+ MR+
                  | Str-4} (You found it on level 5 of the Dungeon)
  2592 | D:5      | Noticed an ice beast
  2595 | D:5      | Noticed a sky beast
  2599 | D:5      | Killed an ice beast
  2599 | D:5      | Reached skill level 5 in Axes
  2599 | D:5      | Reached XP level 6. HP: 34/53 MP: 5/5
  2605 | D:5      | Slain by a howler monkey

Vault maps used:
D:1:      dpeg_arrival_radiant
D:2:      chequers_ecumenical_altar_simple, first_ration
D:3:      minmay_gold_behind_fungi
D:4:      kennysheep_generic_room_10
D:5:      serial_shops, kennysheep_mini

Skill      XL: |  1  2  3  4  5 |
---------------+----------------+-----
Axes           | 3 4 5 |  5.0
Dodging        | 1 2 |  2.2
Armour         | 4 |  4.6
Shields        | 4 |  4.6
Fighting       | 4 |  4.5

Action                   |  1- 3 |  4- 6 || total
-------------------------+-------+-------++-------
Melee: War axe           |    98 |    42 ||   140
       Headbutt          |    17 |     2 ||    19
  Use: Scroll            |       |    12 ||    12
       Potion            |       |     2 ||     2
  Eat: Ration            |     1 |       ||     1
       Chunk             |       |     1 ||     1
Armor: Scale mail        |    37 |    16 ||    53
Dodge: Dodged            |    26 |    14 ||    40
Block: Shield            |    51 |    21 ||    72

Table legend:
 A = Non-vault XP
 B = Vault XP
 C = Vault XP percentage of total XP
 D = Non-vault monster count
 E = Vault monster count
 F = Vault count percentage of total count
                 A         B        C        D         E       F
            +---------+---------+-------+---------+---------+-------
      Total |     374 |      13 |   3.4 |      62 |       1 |   1.6
            +---------+---------+-------+---------+---------+-------
        D:1 |      68 |       0 |   0.0 |      32 |       0 |   0.0
        D:2 |      22 |       0 |   0.0 |      13 |       0 |   0.0
        D:3 |       4 |       0 |   0.0 |       4 |       0 |   0.0
        D:4 |     148 |      13 |   8.1 |      12 |       1 |   7.7
        D:5 |     132 |       0 |   0.0 |       1 |       0 |   0.0
            +---------+---------+-------+---------+---------+-------
